TOP OF THE 1ST |
Houston Hammertime batting - Pitching for Spokane Trappers : RHP José Ortíz
|
Pitching: RHP José Ortíz
|
|
Batting: SHB Carlos Córdova
|
0-0: Ball 1-0: Foul Ball, location: 2F 1-1: SOLO HOME RUN (Flyball, 9D), Distance : 375 ft
|
Batting: RHB Carlos Pérez
|
0-0: Ball 1-0: Called Strike 1-1: Ball 2-1: Swinging Strike 2-2: Strikes out swinging
|
Batting: RHB John Major
|
0-0: Called Strike 0-1: Ball 1-1: DOUBLE (Flyball, 9D)
|
Batting: LHB Juan Cabañas
|
0-0: Called Strike 0-1: Ball 1-1: Ball 2-1: Foul Ball, location: 2F 2-2: Fly out, F8 (Flyball, 8RM)
|
Batting: RHB Dan Mason
|
0-0: Ball 1-0: 2-RUN HOME RUN (Flyball, 7D), Distance : 375 ft
|
Batting: RHB Alonso Holguín
|
0-0: Called Strike 0-1: Ball 1-1: Called Strike 1-2: Ball 2-2: Ground out 4-3 (Groundball, 4)
|
Top of the 1st over - 3 run(s), 3 hit(s), 0 error(s), 0 left on base; Houston 3 - Spokane 0 |
BOTTOM OF THE 1ST |
Spokane Trappers batting - Pitching for Houston Hammertime : RHP António Galindo
|
Pitching: RHP António Galindo
|
|
Batting: RHB Enrique Mendoza
|
0-0: Ball 1-0: Ball 2-0: Foul Ball, location: 2F 2-1: Ball 3-1: Fly out, F8 (Flyball, 78XD)
|
Batting: LHB José Berroa
|
0-0: Ball 1-0: Called Strike 1-1: Swinging Strike 1-2: Ball 2-2: Ball 3-2: Foul Ball, location: 2F 3-2: Foul Ball, location: 2F 3-2: Fly out, F7 (Flyball, 78D)
|
Batting: LHB Will Hill
|
0-0: Ball 1-0: Called Strike 1-1: Ball 2-1: Swinging Strike 2-2: Ground out 3-1 (Groundball, 34)
|
Bottom of the 1st over - 0 run(s), 0 hit(s), 0 error(s), 0 left on base; Houston 3 - Spokane 0 |
TOP OF THE 2ND |
Houston Hammertime batting - Pitching for Spokane Trappers : RHP José Ortíz
|
Batting: LHB António Camacho
|
0-0: Ball 1-0: Foul Ball, location: 2F 1-1: Swinging Strike 1-2: Foul Ball, location: 2F 1-2: Hit by Pitch
|
Batting: RHB David Hernández
|
0-0: Foul Ball, location: 2F 0-1: Swinging Strike 0-2: Ball 1-2: Strikes out swinging
|
Batting: RHB Victor Andrews
|
0-0: Ball 1-0: Ball 2-0: Ball 3-0: Called Strike 3-1: Base on Balls António Camacho to second
|
Batting: SHB Carlos Córdova
|
0-0: Ball 1-0: Ball 2-0: Called Strike 2-1: Ball 3-1: Base on Balls António Camacho to third Victor Andrews to second
|
Batting: RHB Carlos Pérez
|
0-0: Ball 1-0: Foul Ball, location: 2F 1-1: Foul Ball, location: 2F 1-2: Foul Ball, location: 2F 1-2: Grounds into double play, 4-6-3 (Groundball, 4)
|
Top of the 2nd over - 0 run(s), 0 hit(s), 0 error(s), 2 left on base; Houston 3 - Spokane 0 |
BOTTOM OF THE 2ND |
Spokane Trappers batting - Pitching for Houston Hammertime : RHP António Galindo
|
Batting: RHB Ramiro Ross
|
0-0: Ball 1-0: Called Strike 1-1: Swinging Strike 1-2: Ball 2-2: SOLO HOME RUN (Flyball, 7D), Distance : 365 ft
|
Batting: LHB Alan Moore
|
0-0: Called Strike 0-1: Swinging Strike 0-2: Strikes out swinging
|
Batting: RHB Trent Rasmussen
|
0-0: Ball 1-0: Ground out 5-3 (Groundball, 56)
|
Batting: RHB Clyde Kelley
|
0-0: Ball 1-0: Fly out, F7 (Line Drive, 78M)
|
Bottom of the 2nd over - 1 run(s), 1 hit(s), 0 error(s), 0 left on base; Houston 3 - Spokane 1 |
TOP OF THE 3RD |
Houston Hammertime batting - Pitching for Spokane Trappers : RHP José Ortíz
|
Batting: RHB John Major
|
0-0: Ground out 6-3 (Groundball, 6)
|
Batting: LHB Juan Cabañas
|
0-0: Ball 1-0: Ball 2-0: Ball 3-0: Base on Balls
|
Batting: RHB Dan Mason
|
0-0: Ball 1-0: Ball 2-0: Ball 3-0: Base on Balls Juan Cabañas to second
|
Batting: RHB Alonso Holguín
|
0-0: Swinging Strike 0-1: SINGLE (Line Drive, 8LS) Juan Cabañas to third Dan Mason to second Runner from 3rd tries for Home, SAFE, throw made home
|
Batting: LHB António Camacho
|
0-0: Ball 1-0: Ball 2-0: Ball 3-0: Base on Balls Dan Mason to third Alonso Holguín to second
|
Batting: RHB David Hernández
|
0-0: Foul Ball, location: 2F 0-1: Foul Ball, location: 2F 0-2: Foul Ball, location: 2F 0-2: Foul Ball, location: 2F 0-2: Ball 1-2: Ball 2-2: Grounds into double play, 4-6-3 (Groundball, 4)
|
Top of the 3rd over - 1 run(s), 1 hit(s), 0 error(s), 2 left on base; Houston 4 - Spokane 1 |
BOTTOM OF THE 3RD |
Spokane Trappers batting - Pitching for Houston Hammertime : RHP António Galindo
|
Batting: RHB Sergio Solíz
|
0-0: Ball 1-0: Ball 2-0: Called Strike 2-1: Called Strike 2-2: Foul Ball, location: 2F 2-2: Ground out 4-3 (Groundball, 4)
|
Batting: LHB Jaime Padilla
|
0-0: Ground out 1-3 (Groundball, P)
|
Batting: RHB Enrique Mendoza
|
0-0: Ball 1-0: Swinging Strike 1-1: Swinging Strike 1-2: Strikes out looking
|
Bottom of the 3rd over - 0 run(s), 0 hit(s), 0 error(s), 0 left on base; Houston 4 - Spokane 1 |
TOP OF THE 4TH |
Houston Hammertime batting - Pitching for Spokane Trappers : RHP José Ortíz
|
Batting: RHB Victor Andrews
|
0-0: DOUBLE (Line Drive, 89XD)
|
Batting: SHB Carlos Córdova
|
0-0: Ball 1-0: Foul Ball, location: 2F 1-1: Ball 2-1: Ball 3-1: Base on Balls
|
Batting: RHB Carlos Pérez
|
0-0: Called Strike 0-1: SINGLE (Line Drive, 56D) Victor Andrews to third Carlos Córdova to second
|
Batting: RHB John Major
|
0-0: SINGLE (Groundball, 6MD) Victor Andrews scores Carlos Córdova to third Carlos Pérez to second Runner from 3rd tries for Home, SAFE, no throw
|
Pitching: RHP Marcos Rivera
|
|
Batting: LHB Enrique Valentín
|
0-0: Called Strike 0-1: Hit by Pitch Carlos Pérez to third John Major to second
|
Batting: RHB Dan Mason
|
0-0: Swinging Strike 0-1: Called Strike 0-2: Strikes out swinging
|
Batting: RHB Alonso Holguín
|
0-0: Ball 1-0: Ball 2-0: Called Strike 2-1: Ball 3-1: Foul Ball, location: 2F 3-2: Base on Balls Carlos Pérez scores John Major to third Enrique Valentín to second
|
Batting: LHB António Camacho
|
0-0: Called Strike 0-1: Swinging Strike 0-2: Ball 1-2: Foul Ball, location: 2F 1-2: Ball 2-2: SINGLE (Groundball, 6D) John Major scores Enrique Valentín to third Alonso Holguín to second Runner from 3rd tries for Home, throw and OUT! Alonso Holguín to third António Camacho to second
|
Batting: RHB David Hernández
|
0-0: Ball 1-0: Fly out, F7 (Flyball, 7)
|
Top of the 4th over - 4 run(s), 4 hit(s), 0 error(s), 2 left on base; Houston 8 - Spokane 1 |
BOTTOM OF THE 4TH |
Spokane Trappers batting - Pitching for Houston Hammertime : RHP António Galindo
|
Batting: LHB José Berroa
|
0-0: Ball 1-0: Ball 2-0: Ground out U3 (Groundball, 3)
|
Batting: LHB Will Hill
|
0-0: DOUBLE (Groundball, 5L)
|
Batting: RHB Ramiro Ross
|
0-0: Called Strike 0-1: Foul Ball, location: 2F 0-2: Ball 1-2: Foul Ball, location: 2F 1-2: Strikes out looking
|
Batting: LHB Alan Moore
|
0-0: Called Strike 0-1: Ground out 4-3 (Groundball, 4)
|
Bottom of the 4th over - 0 run(s), 1 hit(s), 0 error(s), 1 left on base; Houston 8 - Spokane 1 |
TOP OF THE 5TH |
Houston Hammertime batting - Pitching for Spokane Trappers : RHP Marcos Rivera
|
Batting: RHB Victor Andrews
|
0-0: Ball 1-0: Foul Ball, location: 2F 1-1: Foul Ball, location: 2F 1-2: Foul Ball, location: 2F 1-2: Foul Ball, location: 2F 1-2: Ball 2-2: Ball 3-2: Base on Balls
|
Batting: SHB Carlos Córdova
|
0-0: Ball 1-0: Ball 2-0: Grounds into double play, 5-4-3 (Groundball, 56)
|
Batting: RHB Carlos Pérez
|
0-0: Ball 1-0: Foul Ball, location: 2F 1-1: Ball 2-1: Ball 3-1: Foul Ball, location: 2F 3-2: Foul Ball, location: 2F 3-2: Foul Ball, location: 2F 3-2: Base on Balls
|
Batting: RHB John Major
|
0-0: Called Strike 0-1: Fly out, F8 (Flyball, 8LXD)
|
Top of the 5th over - 0 run(s), 0 hit(s), 0 error(s), 1 left on base; Houston 8 - Spokane 1 |
BOTTOM OF THE 5TH |
Spokane Trappers batting - Pitching for Houston Hammertime : RHP António Galindo
|
Batting: RHB Trent Rasmussen
|
0-0: Ball 1-0: Called Strike 1-1: SINGLE (Line Drive, 56D)
|
Batting: RHB Clyde Kelley
|
0-0: Called Strike 0-1: Called Strike 0-2: Fly out, F4 (Line Drive, 34)
|
Batting: RHB Sergio Solíz
|
0-0: Called Strike 0-1: Foul Ball, location: 2F 0-2: Foul Ball, location: 2F 0-2: Grounds into double play, 4-6-3 (Groundball, 4)
|
Bottom of the 5th over - 0 run(s), 1 hit(s), 0 error(s), 0 left on base; Houston 8 - Spokane 1 |
TOP OF THE 6TH |
Houston Hammertime batting - Pitching for Spokane Trappers : RHP Marcos Rivera
|
Batting: LHB Enrique Valentín
|
0-0: SINGLE (Groundball, 4MD)
|
Batting: RHB Dan Mason
|
0-0: DOUBLE (Groundball, 3L) Enrique Valentín to third
|
Batting: RHB Alonso Holguín
|
0-0: Ball 1-0: Ball 2-0: Ball 3-0: Called Strike 3-1: Base on Balls
|
Batting: LHB António Camacho
|
0-0: Swinging Strike 0-1: Ball 1-1: Ball 2-1: Called Strike 2-2: Foul Ball, location: 2F 2-2: SINGLE (Groundball, 56D) Enrique Valentín scores Dan Mason to third Alonso Holguín to second Runner from 3rd tries for Home, SAFE, throw made home Alonso Holguín to third António Camacho to second
|
Pitching: RHP Mark Tidwell
|
|
Batting: RHB David Hernández
|
0-0: Ball 1-0: Ball 2-0: Foul Ball, location: 2F 2-1: Ground out 5-3 (Groundball, 56S) Alonso Holguín scores António Camacho to third
|
Batting: RHB Victor Andrews
|
0-0: Called Strike 0-1: Fly out, F7 (Flyball, 7D) Runner from 3rd tags up, SCORES, no throw
|
Batting: SHB Carlos Córdova
|
0-0: Foul Ball, location: 2F 0-1: Swinging Strike 0-2: Foul Ball, location: 2F 0-2: Foul Ball, location: 2F 0-2: Ball 1-2: Strikes out swinging
|
Top of the 6th over - 4 run(s), 3 hit(s), 0 error(s), 0 left on base; Houston 12 - Spokane 1 |
BOTTOM OF THE 6TH |
Spokane Trappers batting - Pitching for Houston Hammertime : RHP António Galindo
|
Batting: LHB Jaime Padilla
|
0-0: Called Strike 0-1: Ball 1-1: DOUBLE (Flyball, 8LXD)
|
Batting: RHB Enrique Mendoza
|
0-0: Foul Ball, location: 2F 0-1: Called Strike 0-2: Fly out, F8 (Flyball, 8LD) Runner from 2nd tags up, SAFE at 3rd, no throw
|
Batting: LHB José Berroa
|
0-0: Called Strike 0-1: Foul Ball, location: 2F 0-2: Ball 1-2: Ground out 6-3 (Groundball, 6) Jaime Padilla scores
|
Batting: LHB Will Hill
|
0-0: Called Strike 0-1: Ball 1-1: Foul Ball, location: 2F 1-2: Strikes out swinging
|
Bottom of the 6th over - 1 run(s), 1 hit(s), 0 error(s), 0 left on base; Houston 12 - Spokane 2 |
TOP OF THE 7TH |
Houston Hammertime batting - Pitching for Spokane Trappers : RHP Mark Tidwell
|
Batting: RHB Carlos Pérez
|
0-0: Foul Ball, location: 2F 0-1: Ball 1-1: Reached on error, E5 (Groundball, 5S)
|
Batting: RHB John Major
|
0-0: Called Strike 0-1: SINGLE (Groundball, 6MD) Carlos Pérez to second
|
Batting: LHB Enrique Valentín
|
0-0: Foul Ball, location: 2F 0-1: Grounds into double play, 3-6-3 (Groundball, 34) Carlos Pérez to third
|
Batting: RHB Dan Mason
|
0-0: Fly out, F8 (Flyball, 8RXD)
|
Top of the 7th over - 0 run(s), 1 hit(s), 1 error(s), 1 left on base; Houston 12 - Spokane 2 |
BOTTOM OF THE 7TH |
Spokane Trappers batting - Pitching for Houston Hammertime : RHP António Galindo
|
Batting: RHB Ramiro Ross
|
0-0: Ball 1-0: Ball 2-0: Called Strike 2-1: SINGLE (Groundball, 6D)
|
Batting: LHB Alan Moore
|
0-0: Swinging Strike 0-1: Swinging Strike 0-2: Foul Ball, location: 2F 0-2: Ball 1-2: Ball 2-2: Foul Ball, location: 2F 2-2: Strikes out looking
|
Batting: RHB Trent Rasmussen
|
0-0: Foul Ball, location: 2F 0-1: Ball 1-1: Called Strike 1-2: Strikes out swinging
|
Batting: RHB Clyde Kelley
|
0-0: Called Strike 0-1: Swinging Strike 0-2: Strikes out swinging
|
Bottom of the 7th over - 0 run(s), 1 hit(s), 0 error(s), 1 left on base; Houston 12 - Spokane 2 |
TOP OF THE 8TH |
Houston Hammertime batting - Pitching for Spokane Trappers : RHP Mark Tidwell
|
Batting: RHB Alonso Holguín
|
0-0: Ball 1-0: Foul Ball, location: 2F 1-1: Foul Ball, location: 2F 1-2: Ball 2-2: Strikes out swinging
|
Batting: LHB António Camacho
|
0-0: Foul Ball, location: 2F 0-1: Ground out 6-3 (Groundball, 6)
|
Batting: RHB David Hernández
|
0-0: Ball 1-0: Ball 2-0: Called Strike 2-1: Ball 3-1: SOLO HOME RUN (Line Drive, 78XD), Distance : 390 ft
|
Batting: RHB Victor Andrews
|
0-0: Fly out, F8 (Flyball, 8LM)
|
Top of the 8th over - 1 run(s), 1 hit(s), 0 error(s), 0 left on base; Houston 13 - Spokane 2 |
BOTTOM OF THE 8TH |
Spokane Trappers batting - Pitching for Houston Hammertime : RHP António Galindo
|
Pitching: LHP Júlio Aguilar
|
|
Batting: RHB Sergio Solíz
|
0-0: Called Strike 0-1: Foul Ball, location: 2F 0-2: Ball 1-2: Strikes out swinging, 2-3 out at first.
|
Batting: LHB Jaime Padilla
|
0-0: Called Strike 0-1: Ball 1-1: Ball 2-1: Fly out, F6 (Popup, 6MD)
|
Batting: RHB Enrique Mendoza
|
0-0: Called Strike 0-1: Foul Ball, location: 2F 0-2: Ball 1-2: Ground out 5-3 (Groundball, 56)
|
Bottom of the 8th over - 0 run(s), 0 hit(s), 0 error(s), 0 left on base; Houston 13 - Spokane 2 |
TOP OF THE 9TH |
Houston Hammertime batting - Pitching for Spokane Trappers : RHP Mark Tidwell
|
Batting: SHB Carlos Córdova
|
0-0: Ball 1-0: Ball 2-0: Called Strike 2-1: Ball 3-1: Base on Balls
|
Batting: RHB Carlos Pérez
|
0-0: Ball Carlos Córdova is caught stealing 2nd base 1-0: Ball 2-0: Ball 3-0: Base on Balls
|
Batting: RHB John Major
|
0-0: DOUBLE (Line Drive, 7D) Carlos Pérez to third
|
Batting: LHB Enrique Valentín
|
0-0: Called Strike 0-1: Ball 1-1: Foul Ball, location: 2F 1-2: Strikes out swinging
|
Pinch Hitting: LHB Pat Jones
|
0-0: Foul Ball, location: 2F 0-1: Ball 1-1: Foul Ball, location: 2F 1-2: Ball 2-2: Foul Ball, location: 2F 2-2: Fly out, F7 (Flyball, 7)
|
Top of the 9th over - 0 run(s), 1 hit(s), 0 error(s), 2 left on base; Houston 13 - Spokane 2 |
BOTTOM OF THE 9TH |
Spokane Trappers batting - Pitching for Houston Hammertime : LHP Júlio Aguilar
|
Now in CF: Pedro Meza
|
|
Batting: LHB José Berroa
|
0-0: Ball 1-0: Called Strike 1-1: Ball 2-1: Ball 3-1: SINGLE (Groundball, 6MD)
|
Batting: LHB Will Hill
|
0-0: Called Strike 0-1: Ball 1-1: Swinging Strike 1-2: Strikes out swinging
|
Batting: RHB Ramiro Ross
|
0-0: Called Strike 0-1: Foul Ball, location: 2F 0-2: Ball 1-2: Strikes out swinging
|
Batting: LHB Alan Moore
|
0-0: Called Strike 0-1: Fly out, F7 (Flyball, 7)
|
Bottom of the 9th over - 0 run(s), 1 hit(s), 0 error(s), 1 left on base; Houston 13 - Spokane 2 |
|